 Dungeon Crawl Stone Soup version 0.18.1-48-g4cf74bf (webtiles) character file.

85 Miyamura the Chucker (level 4, 0/48 HPs)
             Began as an Ogre Hunter on Sept 5, 2016.
             Succumbed to an adder's poison
             ... on level 2 of the Dungeon.
             The game lasted 00:07:15 (3240 turns).

Miyamura the Chucker (Ogre Hunter)                  Turns: 3240, Time: 00:07:15

Health: 0/48       AC:  3    Str: 17    XL:     4   Next: 48%
Magic:  4/4        EV: 10    Int: 11    God:
Gold:   78         SH:  0    Dex: 10    Spells: 0 memorised, 3 levels left

rFire  + . .     SeeInvis .     i - -2 club (curse)
rCold  + . .     Gourm    .     b - +0 robe
rNeg   . . .     Faith    +     (no shield)
rPois  +         Spirit   .     (helmet restricted)
rElec  +         Dismiss  .     (no cloak)
rCorr  +         Reflect  .     (gloves unavailable)
SustAt .         Harm     .     (boots unavailable)
MR     .....                    a - amulet of faith
Stlth  +.........               (no ring)
                                (no ring)

@: lethally poisoned (0 -> -1), exhausted, resistant, slowed, very slow, not
resistant to hostile enchantments, very unstealthy
A: unfitting armour, tough skin 1
a: no special abilities


You were on level 2 of the Dungeon.
You were very hungry.

You visited 1 branch of the dungeon, and saw 2 of its levels.

You collected 78 gold pieces.

Inventory:

Hand Weapons
 e - a +0 club
 i - a cursed -2 club (weapon)
Missiles
 h - 71 stones (quivered)
Armour
 b - a +0 robe (worn)
Jewellery
 a - an amulet of faith (around neck)
Scrolls
 p - a scroll of magic mapping
Potions
 g - 2 potions of flight
 k - a potion of berserk rage
Comestibles
 f - 2 bread rations
 l - 2 beef jerkies
 o - a slice of pizza
 q - a chunk of flesh


   Skills:
 + Level 3.6 Fighting
 + Level 2.3 Maces & Flails
 + Level 4.2 Throwing
 + Level 2.4 Dodging
 + Level 1.6 Stealth


You had 3 spell levels left.
You didn't know any spells.

Dungeon Overview and Level Annotations

Branches:
Dungeon (2/15)

Altars:


Innate Abilities, Weirdness & Mutations

You are too large for most types of armour.
You have tough skin (AC +1).


Message History

* * * LOW HITPOINT WARNING * * *
The adder struggles to escape the net.
The adder closely misses you.
You barely miss the adder.
The adder is almost dead.
The adder struggles against the net.
The adder barely misses you.
The adder struggles against the net.
The adder bites you.
* * * LOW HITPOINT WARNING * * *
The adder struggles to escape the net.
You hit the adder.
You kill the adder!
* * * LOW HITPOINT WARNING * * *
You feel sick. The adder closely misses you. The adder barely misses you.
Throwing (i - inventory. (,) - cycle):
d - a throwing net (quivered)
Press: ? - help, Shift-Dir - straight line, f - adder
Aim: an adder You throw a throwing net.
The throwing net hits the adder.
The adder is caught in the net!
The adder struggles against the net.
The helpless adder fails to defend itself.
You hit the adder but do no damage.
You die...

#.#####.######.
#.# #S# #.# #.#
#.# #.# .# #.# #.#
#.# #.# #.######.#
#.# #....((#.#
#####.# ######(#.#
......# #@#.#
######## #######
###S#.# #.......
...... #)....#
#.###### ######
.....###.#######.#
####. #..gg.g.g.#
# #.######### ...#
#####


You could see an adder (caught).

Vanquished Creatures
  2 adders (D:2)
  3 gnolls (D:2)
  An ooze (D:1)
  A dart slug (D:1)
  2 giant cockroaches (D:1)
  5 hobgoblins
  2 jackals (D:1)
  7 bats
  A giant newt (D:1)
  A goblin (D:2)
  9 kobolds
  5 rats
39 creatures vanquished.

Notes
Turn   | Place    | Note
--------------------------------------------------------------
     0 | D:1      | Miyamura the Ogre Hunter began the quest for the Orb.
     0 | D:1      | Reached XP level 1. HP: 22/22 MP: 1/1
   113 | D:1      | Reached skill level 1 in Stealth
   256 | D:1      | Reached skill level 1 in Maces & Flails
   256 | D:1      | Reached XP level 2. HP: 13/29 MP: 2/2
  1327 | D:1      | Reached XP level 3. HP: 7/37 MP: 3/3
  3216 | D:2      | Reached XP level 4. HP: 45/45 MP: 4/4
  3237 | D:2      | HP: 1/46 [adder (4)]
  3240 | D:2      | Succumbed to an adder's poison

Skill      XL: |  1  2  3 |
---------------+----------+-----
Stealth        | 1 |  1.6
Dodging        | 2 |  2.4
Maces & Flails | 1 2 |  2.3
Fighting       | 3 |  3.6
Throwing       | |  4.2

Action                   |  1- 3 |  4- 6 || total
-------------------------+-------+-------++-------
Melee: Dagger            |    23 |       ||    23
       Club              |   247 |    14 ||   261
Throw: Large rock        |    11 |     3 ||    14
       Stone             |    18 |       ||    18
       Throwing net      |       |     2 ||     2
  Use: Scroll            |     6 |       ||     6
       Potion            |     2 |     4 ||     6
 Stab: Sleeping          |     2 |       ||     2
       Held in net/web   |       |     1 ||     1
  Eat: Chunk             |     4 |       ||     4
       Royal jelly       |     1 |       ||     1
       Beef jerky        |     1 |       ||     1
Armor: Robe              |   174 |    10 ||   184
Dodge: Dodged            |   289 |    27 ||   316
